 Dungeon Crawl Stone Soup version 0.14.1-21-g36cd379 (webtiles) character file.

125 Kae the Firebug (level 3, 0/21 HPs)
             Began as an Octopode Fire Elementalist on June 6, 2014.
             Succumbed to an adder's poison
             ... on Level 2 of the Dungeon.
             The game lasted 00:01:43 (1669 turns).

Kae the Firebug (Octopode Fire Elementalist)        Turns: 1669, Time: 00:01:43

HP   0/21        AC  1     Str  7      XL: 3   Next: 72%
MP   4/6         EV 12     Int 18      God:
Gold 77          SH  0     Dex 12      Spells:  1 memorised,  5 levels left

rFire  . . .     SeeInvis .     (no weapon)
rCold  . . .     Clarity  .     (no shield)
rNeg   . . .     Conserve .     (helmet restricted)
rPois  .         rCorr    .     (no amulet)
rElec  .         rRot     .     h - ring of flight
SustAb . .       Spirit   .     (no ring)
rMut   .         Warding  .     (no ring)
Saprov . . .     Stasis   .     (no ring)
MR     .....                    (no ring)
                                (no ring)
                                (no ring)
                                (no ring)

@: lethally poisoned, not resistant to hostile enchantments, quite stealthy
A: almost no armour, amphibious, 8 rings, constrict 8, camouflage 1, gelatinous
body 1
a: Evoke Flight


You were on level 2 of the Dungeon.
You were hungry.

You visited 1 branch of the dungeon, and saw 2 of its levels.

You collected 77 gold pieces.

Inventory:

Comestibles
 c - 3 bread rations
 i - a chunk of hobgoblin flesh
Scrolls
 a - 3 scrolls of teleportation {unknown}
 d - 2 scrolls of identify {unknown}
 f - a scroll of remove curse {unknown}
Jewellery
 h - a ring of flight (left tentacle)
Potions
 e - a potion of magic {unknown}
 g - a potion of haste {unknown}
 j - a potion of might {unknown}
Books
 b - a book of Flames

   Spells                             Type                      Level
   *Flame Tongue                      Conjuration/Fire             1
   Throw Flame                        Conjuration/Fire             2
   Conjure Flame                      Conjuration/Fire             3
   Inner Flame                        Hexes/Fire                   3
   Sticky Flame                       Conjuration/Fire             4
   Fireball                           Conjuration/Fire             5


   Skills:
 - Level 2.0 Dodging
 - Level 2.6 Stealth
 + Level 2.2 Spellcasting
 * Level 2.1 Conjurations
 * Level 3.8 Fire Magic


You had 5 spell levels left.
You knew the following spells:

 Your Spells              Type           Power        Failure   Level  Hunger
a - Flame Tongue          Conj/Fire      ##...        6%          1    #......


Dungeon Overview and Level Annotations

Branches:
Dungeon (2/15)

Altars:


Innate Abilities, Weirdness & Mutations

You cannot wear most types of armour.
You are amphibious.
You can wear up to eight rings at the same time.
You can use your tentacles to constrict many enemies at once.
Your skin changes colour to match your surroundings (Stlth).
Your rubbery body absorbs attacks (AC +1).


Message History

You completely miss the adder. You grab the adder. You constrict the adder.
You feel sick. The adder misses you. The adder bites you.
* * * LOW HITPOINT WARNING * * *
Casting: Flame Tongue
Confirm with . or Enter, or press ? or * to list all spells.
Aiming: Flame Tongue
Press: ? - help, Shift-Dir - straight line, f - adder
Aim: an adder (lightly wounded, constricted by you)
The flame tongue misses the adder.
You constrict the adder. The adder bites you.
* * * LOW HITPOINT WARNING * * *
Casting: Flame Tongue
Confirm with . or Enter, or press ? or * to list all spells.
Aiming: Flame Tongue
Press: ? - help, Shift-Dir - straight line, f/p - adder
Aim: an adder (lightly wounded, constricted by you)
The flame tongue hits the adder.
The adder is lightly wounded.
You constrict the adder.
You die...

#..>...........................
#.....##################....###
####### #.#### #.# #.# #.#
###### #.#
######..%.########.####
.......%@.............#
....##.S..######.#.##.# #....#
#.#.##.# #....# #.#.##.# #....#
#.#.##.# #....######.#.##.#
..............##.#
##.#########.####.# #)# #.#


You could see an adder.

Vanquished Creatures
  An adder (D:1)
  3 giant geckos
  An ooze (D:1)
  A ball python (D:1)
  5 bats
  5 hobgoblins
  5 kobolds
  5 giant cockroaches (D:1)
  5 goblins
  A rat (D:2)
32 creatures vanquished.

Notes
Turn   | Place    | Note
--------------------------------------------------------------
     0 | D:1      | Kae, the Octopode Fire Elementalist, began the quest for the Orb.
     0 | D:1      | Reached XP level 1. HP: 11/11 MP: 3/3
   306 | D:1      | Reached XP level 2. HP: 17/17 MP: 2/4
   670 | D:1      | Reached XP level 3. HP: 21/21 MP: 6/6
   700 | D:1      | HP: 1/21 [hobgoblin/ tomahawk (4)]
   703 | D:1      | Paralysed by a potion of paralysis for 4 turns
  1668 | D:2      | HP: 1/21 [adder (4)]
  1669 | D:2      | Succumbed to an adder's poison

Action                   || total
-------------------------++-------
Melee: Unarmed           ||    95
 Cast: Flame Tongue      ||    13
  Use: Potion            ||     1
 Stab: Sleeping          ||     5
